[gd_scene load_steps=15 format=2]

[ext_resource path="res://Assets/Buildings/pallet town/oaks_lab_interior.png" type="Texture" id=1]
[ext_resource path="res://Player.tscn" type="PackedScene" id=2]
[ext_resource path="res://Door.tscn" type="PackedScene" id=3]
[ext_resource path="res://Assets/Buildings/pallet town/mat.png" type="Texture" id=4]
[ext_resource path="res://Assets/Buildings/pallet town/oak_lab_machine.png" type="Texture" id=5]
[ext_resource path="res://OaksLab.gd" type="Script" id=6]
[ext_resource path="res://PNJ.tscn" type="PackedScene" id=7]

[sub_resource type="RectangleShape2D" id=1]
extents = Vector2( 8, 112 )

[sub_resource type="RectangleShape2D" id=2]
extents = Vector2( 104, 8 )

[sub_resource type="RectangleShape2D" id=3]
extents = Vector2( 48, 8 )

[sub_resource type="RectangleShape2D" id=4]
extents = Vector2( 48, 8 )

[sub_resource type="RectangleShape2D" id=6]
extents = Vector2( 24, 16 )

[sub_resource type="RectangleShape2D" id=7]
extents = Vector2( 8, 16 )

[sub_resource type="RectangleShape2D" id=8]
extents = Vector2( 16, 16 )

[node name="OaksLab" type="Node2D"]
script = ExtResource( 6 )

[node name="ColorRect" type="ColorRect" parent="."]
margin_left = -160.0
margin_top = -80.0
margin_right = 352.0
margin_bottom = 296.0
color = Color( 0, 0, 0, 1 )
__meta__ = {
"_edit_use_anchors_": false
}

[node name="TextureRect" type="TextureRect" parent="."]
margin_right = 40.0
margin_bottom = 40.0
texture = ExtResource( 1 )
__meta__ = {
"_edit_use_anchors_": false
}

[node name="Mat" type="TextureRect" parent="."]
margin_left = 88.0
margin_top = 192.0
margin_right = 120.0
margin_bottom = 208.0
texture = ExtResource( 4 )
__meta__ = {
"_edit_use_anchors_": false
}

[node name="StaticBody2D" type="StaticBody2D" parent="."]
collision_layer = 2
collision_mask = 0

[node name="CollisionShape2D" type="CollisionShape2D" parent="StaticBody2D"]
position = Vector2( -8, 112 )
shape = SubResource( 1 )

[node name="CollisionShape2D2" type="CollisionShape2D" parent="StaticBody2D"]
position = Vector2( 216, 112 )
shape = SubResource( 1 )

[node name="CollisionShape2D3" type="CollisionShape2D" parent="StaticBody2D"]
position = Vector2( 104, 24 )
shape = SubResource( 2 )

[node name="CollisionShape2D5" type="CollisionShape2D" parent="StaticBody2D"]
position = Vector2( 48, 216 )
shape = SubResource( 3 )

[node name="CollisionShape2D6" type="CollisionShape2D" parent="StaticBody2D"]
position = Vector2( 160, 216 )
shape = SubResource( 4 )

[node name="CollisionShape2D7" type="CollisionShape2D" parent="StaticBody2D"]
position = Vector2( 152, 80 )
shape = SubResource( 6 )

[node name="CollisionShape2D8" type="CollisionShape2D" parent="StaticBody2D"]
position = Vector2( 8, 64 )
shape = SubResource( 7 )

[node name="machine" type="StaticBody2D" parent="."]
position = Vector2( 32, 176 )
collision_layer = 2
collision_mask = 0

[node name="Sprite" type="Sprite" parent="machine"]
texture = ExtResource( 5 )

[node name="CollisionShape2D" type="CollisionShape2D" parent="machine"]
shape = SubResource( 8 )

[node name="machine2" type="StaticBody2D" parent="."]
position = Vector2( 32, 128 )
collision_layer = 2
collision_mask = 0

[node name="Sprite" type="Sprite" parent="machine2"]
texture = ExtResource( 5 )

[node name="CollisionShape2D" type="CollisionShape2D" parent="machine2"]
shape = SubResource( 8 )

[node name="machine3" type="StaticBody2D" parent="."]
position = Vector2( 32, 80 )
collision_layer = 2
collision_mask = 0

[node name="Sprite" type="Sprite" parent="machine3"]
texture = ExtResource( 5 )

[node name="CollisionShape2D" type="CollisionShape2D" parent="machine3"]
shape = SubResource( 8 )

[node name="YSort" type="YSort" parent="."]

[node name="Player" parent="YSort" instance=ExtResource( 2 )]
position = Vector2( 96, 192 )

[node name="PNJ4" parent="YSort" instance=ExtResource( 7 )]
position = Vector2( 96, 96 )
id_pnj = 4
text = [ "Ah te voilà", "Je vais te montrer ce qu'iels ont laissé", "Tu peux en persuader un de te rejoindre" ]
initial_direction = Vector2( 0, 1 )
is_mission_pnj = true

[node name="Door" parent="." instance=ExtResource( 3 )]
position = Vector2( 96, 208 )
next_scene_path = "res://Town.tscn"
is_invisible = true
spawn_location = Vector2( -112, -208 )
spawn_direction = Vector2( 0, 1 )

[connection signal="mission3_finished" from="YSort/PNJ4" to="." method="_on_PNJ4_mission3_finished"]
